 Dungeon Crawl Stone Soup version 0.23.2-30-g0e89c35649 (webtiles) character file.

Game seed: 2738064238702467369

803 Mrkan the Cudgeler (level 7, -1/70 HPs)
             Began as a Troll Monk on June 23, 2019.
             Was an Elder of Ru.
             Slain by an orc warrior
             ... wielding a +0 mace
              (9 damage)
             ... on level 6 of the Dungeon.
             The game lasted 00:08:47 (3751 turns).

Mrkan the Cudgeler (Troll Monk)                     Turns: 3751, Time: 00:08:47

Health: -1/70      AC:  6    Str: 19 (20) XL:     7   Next: 59%
Magic:  6/6        EV: 10    Int:  5 (6)  God:    Ru [****..]
Gold:   239        SH:  0    Dex: 13 (14) Spells: 6/6 levels left

rFire    . . .     SeeInvis .   (no weapon)
rCold    . . .     Gourm    +   (no shield)
rNeg     . . .     Faith    .   b - +0 robe
rPois    .         Spirit   .   (helmet restricted)
rElec    .         Reflect  .   (no cloak)
rCorr    .         Harm     .   (gloves unavailable)
MR       .....                  (boots unavailable)
Stlth    ++........             (no amulet)
HPRegen  0.61/turn              (no ring)
MPRegen  0.10/turn              (no ring)

@: no status effects
A: large, unfitting armour, claws 3, fast metabolism 3, gourmand, regeneration
1, shaggy fur 1, tough skin 3, inability to use devices, unskilled 1
a: Draw Out Power, Power Leap, Renounce Religion


You were on level 6 of the Dungeon.
You worshipped Ru.
Ru was greatly pleased with you.
You were not hungry.

You visited 1 branch of the dungeon, and saw 6 of its levels.

You collected 239 gold pieces.

Inventory:

Hand Weapons
 a - a +0 mace
 q - a +0 giant spiked club
Armour
 b - a +0 robe (worn)
Jewellery
 f - an uncursed ring of ice
Scrolls
 d - 2 scrolls of teleportation {unknown}
 e - a scroll of fear {unknown}
 h - a scroll of blinking {unknown}
 j - 4 scrolls of remove curse {unknown}
 k - a scroll of magic mapping {unknown}
 l - 2 scrolls of immolation
 m - 2 scrolls of fog {unknown}
 n - 4 scrolls of identify
 r - a scroll of amnesia {unknown}
 t - a scroll of random uselessness {unknown}
Potions
 g - 2 potions of agility
 i - 2 potions of degeneration
 o - 2 potions of cancellation {unknown}
 p - 2 potions of curing {unknown}
 s - a potion of brilliance {unknown}
Comestibles
 c - 7 rations


   Skills:
 + Level 4.3 Fighting
 * Level 6.3 Maces & Flails
 - Level 2.1 Dodging
 - Level 0.9 Stealth


You had 6 spell levels left.
You didn't know any spells.
Your spell library was empty.

Dungeon Overview and Level Annotations

Branches:
Dungeon (6/15)
 Temple: D:4-7

Altars:
Dithmenos
Nemelex Xobeh
Ru
Sif Muna
The Shining One

Shops:
D:4 (


Innate Abilities, Weirdness & Mutations

You are too large for most types of armour.
You have claws for hands.
Your metabolism is lightning-fast.
You like to eat raw meat.
Your natural rate of healing is unusually fast.
You are covered in fur. (AC +1)
You have extremely tough skin. (AC +3)
You cannot study or use magical devices.
You are somewhat unskilled. (-1 Apt)


Message History

The orc warrior is moderately wounded.
You scratch the orc warrior.
The orc warrior is heavily wounded.
The orc warrior hits you with a +0 mace!
* * * LOW HITPOINT WARNING * * *
You scratch the orc warrior.
The orc warrior is severely wounded.
The orc warrior hits you with a +0 mace!
* * * LOW HITPOINT WARNING * * *
You scratch the orc warrior but do no damage.
The orc warrior is severely wounded.
The orc warrior barely misses you.
You barely miss the orc warrior.
The orc warrior is heavily wounded.
The orc warrior barely misses you.
It was a potion of degeneration.
There was something very wrong with that liquid.
You feel weakened.
You feel dopey.
You feel clumsy.
The orc warrior hits you with a +0 mace!
You die...

##'## ....# ##..?##
...# ##.....##
####.###
##.......###......#
#.........##.#....####
+.........'...........
#.........##o#....###
##....).o###o##...#
##.....## #@###..#
##...## #......# ##'##
#####.## #.# #.#
###.##### #.#
#.......### #.#
#.........# #.#
#.....#.#.# #.#
#..<.##.#.# #.#


You could see an orc warrior (blind) and an orc.

Vanquished Creatures
  2 ogres (D:4)
  A bullfrog zombie (D:5)
  3 hounds
  A jelly (D:5)
  A centaur skeleton (D:4)
  2 orc wizards
  7 worker ants
  A hound skeleton (D:4)
  Robin (D:2)
  10 adders
  A shadow imp (D:5)
  4 worms
  6 dart slugs
  3 leopard geckos
  9 orcs
  A ball python (D:2)
  5 giant cockroaches
  8 goblins
  7 hobgoblins
  2 jackals (D:3)
  4 kobolds
  4 quokkas
  7 bats
  6 frilled lizards
  A quokka skeleton (D:5)
  2 quokka zombies (D:5)
  3 rats
102 creatures vanquished.

Notes
Turn   | Place    | Note
-------+----------+-------------------------------------------
     0 | D:1      | Mrkan the Troll Monk began the quest for the Orb.
     0 | D:1      | Reached XP level 1. HP: 22/22 MP: 0/0
   379 | D:1      | Reached skill level 3 in Maces & Flails
   546 | D:2      | Reached XP level 2. HP: 9/29 MP: 1/1
   634 | D:2      | Reached XP level 3. HP: 36/36 MP: 2/2
   805 | D:2      | Noticed Robin
   842 | D:2      | Killed Robin
   947 | D:2      | Found a sacrificial altar of Ru.
  1074 | D:2      | Reached skill level 4 in Maces & Flails
  1074 | D:2      | Reached XP level 4. HP: 37/45 MP: 3/3
  1338 | D:2      | Became a worshipper of Ru the Awakened
  1358 | D:2      | Gained mutation: You cannot study or use magical devices.
                  | [Ru sacrifice]
  1358 | D:2      | Reached * piety under Ru
  1358 | D:2      | Reached ** piety under Ru
  1554 | D:3      | Reached XP level 5. HP: 35/53 MP: 4/4
  1800 | D:3      | Reached skill level 5 in Maces & Flails
  2132 | D:4      | Reached XP level 6. HP: 55/62 MP: 5/5
  2135 | D:4      | Found Meatso's Antique Weapon Emporium.
  2480 | D:4      | Reached skill level 6 in Maces & Flails
  2620 | D:4      | Reached XP level 7. HP: 47/71 MP: 6/6
  2762 | D:4      | Gained mutation: You are somewhat unskilled. (-1 Apt) [Ru
                  | sacrifice]
  2762 | D:4      | Reduced skill Maces & Flails to level 5
  2762 | D:4      | Reached *** piety under Ru
  2762 | D:4      | Reached **** piety under Ru
  2782 | D:4      | Found a sparkling altar of Nemelex Xobeh.
  2893 | D:5      | Entered Level 5 of the Dungeon
  2960 | D:5      | Found a glowing golden altar of the Shining One.
  3005 | D:5      | Reached skill level 6 in Maces & Flails
  3432 | D:5      | Found a deep blue altar of Sif Muna.
  3509 | D:5      | Found a shadowy altar of Dithmenos.
  3751 | D:6      | Slain by an orc warrior

Skill      XL: |  1  2  3  4  5  6  7 |
---------------+----------------------+-----
Maces & Flails | 3 4 5 6 6 |  6.3
Fighting       | 3 4 |  4.3
Stealth        | 0 |  0.9
Dodging        | |  2.1

Action                   |  1- 3 |  4- 6 |  7- 9 || total
-------------------------+-------+-------+-------++-------
Melee: Unarmed           |   103 |   247 |   124 ||   474
Invok: Sacrifice Artific |       |     1 |       ||     1
       Sacrifice Skill   |       |       |     1 ||     1
  Use: Scroll            |       |     2 |       ||     2
       Potion            |       |     1 |     1 ||     2
 Stab: Sleeping          |     5 |     4 |     2 ||    11
       Invisible         |       |     1 |     8 ||     9
       Distracted        |       |     1 |       ||     1
  Eat: Chunk             |    12 |    15 |     5 ||    32
       Ration            |     1 |       |       ||     1
Armor: Robe              |    40 |    82 |    28 ||   150
Dodge: Dodged            |    46 |   111 |    62 ||   219
